 Dungeon Crawl Stone Soup version 0.29.1-1-gd02db6906a (webtiles) character file.

Game seed: 10342960587219303803

13 masschaos23 the Trooper (level 2, -3/27 HPs)
             Began as a Hill Orc Fighter on Sept 15, 2022.
             Slain by a gnoll
             ... wielding a +0 flail
              (4 damage)
             ... on level 2 of the Dungeon.
             The game lasted 00:01:01 (1247 turns).

masschaos23 the Trooper (Hill Orc Fighter)          Turns: 1247, Time: 00:01:03

Health: -3/27      AC:  6    Str: 18    XL:     2   Next: 37%
Magic:  2/2        EV:  9    Int:  8    God:
Gold:   33         SH:  4    Dex: 10    Spells: 1/1 levels left

rFire   . . .      SeeInvis .   a - +0 war axe
rCold   . . .      Faith    .   c - +0 buckler
rNeg    . . .      Spirit   .   b - +0 scale mail
rPois   .          Reflect  .   (no helmet)
rElec   .          Harm     .   (no cloak)
rCorr   .          Rampage  .   (no gloves)
Will    .....                   (no boots)
Stlth   ..........              (no amulet)
HPRegen 0.09/turn               (no ring)
MPRegen 0.08/turn               (no ring)

@: no status effects
A: no striking features
a: no special abilities


You were on level 2 of the Dungeon.
You visited 1 branch of the dungeon, and saw 2 of its levels.

You collected 33 gold pieces.

Inventory:

Hand Weapons
 a - a +0 war axe (weapon)
Armour
 b - a +0 scale mail (worn)
 c - a +0 buckler (worn)
Magical Staves
 i - a staff of air
Scrolls
 g - a scroll of enchant armour {unknown}
 h - 2 scrolls of magic mapping {unknown}
 j - a scroll of poison {unknown}
 k - a scroll of identify {unknown}
Potions
 d - a potion of might
 e - a potion of ambrosia {unknown}
 f - a potion of berserk rage {unknown}


   Skills:
 + Level 4.0 Fighting
 + Level 2.9 Axes
 + Level 3.4 Armour
 + Level 3.6 Shields


You had one spell level left.
You didn't know any spells.
Your spell library contained the following spells:

 Spells                   Type           Power      Damage    Failure   Level
 Slow                     Hex            0%         N/A       87%         1
 Ensorcelled Hibernation  Hex/Ice        0%         N/A       95%         2
 Confusing Touch          Hex            0%         N/A       99%         3
 Frozen Ramparts          Ice            0%         1d1       99%         3
 Spider Form              Tmut/Pois      0%         N/A       99%         3
 Vampiric Draining        Necr           0%         2d6       99%         3
 Anguish                  Hex/Necr       0%         N/A       100%        4
 Ice Form                 Ice/Tmut       0%         N/A       100%        4
 Summon Ice Beast         Ice/Summ       0%         N/A       100%        4


Dungeon Overview and Level Annotations

Branches:
Dungeon (2/15)

Altars:


Message History

There are monsters nearby!
You are held in a net!
There are monsters nearby!
You are held in a net!
There are monsters nearby!
You are held in a net!
There are monsters nearby!
You are held in a net!
There are monsters nearby!
You are held in a net!
There are monsters nearby!
You are held in a net!
Unknown command.
You are held in a net!
You are held in a net!
There are monsters nearby!
There are monsters nearby!
You are held in a net!
There are monsters nearby!
You are held in a net!
You are held in a net!
You struggle against the net.
A gnoll comes into view. It is wielding a +0 club.
You tear a large gash into the net.
The gnoll shouts!
You shred the net and break free!
Found 8 stones.
The gnoll hits you with a +0 flail! The gnoll hits you with a +0 whip!
There is a stone staircase leading down here.
You hit the gnoll.
The gnoll is moderately wounded.
You closely miss the gnoll. You hit the gnoll. You block the gnoll's attack.
The gnoll hits you with a +0 club. The gnoll completely misses you.
You slash the gnoll!
You kill the gnoll!
You closely miss the gnoll. x2; The gnoll hits you with a +0 flail!
* * * LOW HITPOINT WARNING * * *
You block the gnoll's attack. The gnoll closely misses you.
The gnoll hits you with a +0 flail.
You die...

........# ......#.## #.#
..)...#..## ... ###
.####.##..######.# ....
.####.#........#.# .....
......#.#.####.#.##.....
......#......#.#........
........####...#.g......
#.###.#.# #.#..@)......
#.# #.#. ...#)#.g......
#.# # ## #####.#......(.
#.# ..#........ #.#
########.?.. #.# ....
#.# ### ..#######
........##############


You could see 2 gnolls.

Vanquished Creatures
  A gnoll (D:2)
  A ball python (D:1)
  A giant cockroach (D:1)
  2 hobgoblins (D:1)
  4 bats (D:1)
  A frilled lizard (D:2)
  2 goblins
  A kobold (D:1)
  A rat (D:2)
14 creatures vanquished.

Notes
Turn   | Place    | Note
-------+----------+-------------------------------------------
     0 | D:1      | masschaos23 the Hill Orc Fighter began the quest for the
                  | Orb.
     0 | D:1      | Reached XP level 1. HP: 19/19 MP: 1/1
   477 | D:1      | Reached XP level 2. HP: 27/27 MP: 2/2
   517 | D:1      | Found a faded altar of an unknown god.
  1095 | D:2      | Reached skill level 4 in Fighting
  1247 | D:2      | HP: 1/27 [gnoll/+0 flail (10)]
  1247 | D:2      | Slain by a gnoll

Illustrated notes

Levels and vault maps discovered:
D:1:      kennysheep_arrival_seaside, layout_loops_corners,
          dilly_ecumenical_altar_fadedgnrine
D:2:      layout_basic

Skill      XL: |  1  2 |
---------------+-------+-----
Fighting       | 4 |  4.0
Axes           | |  2.9
Armour         | |  3.4
Shields        | |  3.6

Action                   || total
-------------------------++-------
Melee: War axe           ||    38
Armor: Scale mail        ||    19
Dodge: Dodged            ||    31
Block: Buckler           ||     5
